 Dungeon Crawl Stone Soup version 0.30-a0-1085-g990a428a5c (webtiles) character file.

Game seed: 6730719168687183369

581 jlumianski the Chopper (level 7, 0/54 HPs)
             Began as a Demonspawn Fighter on Apr 16, 2023.
             Was an Initiate of Qazlal.
             Shot with an arrow by something (9 damage)
             ... on level 5 of the Dungeon on Apr 17, 2023.
             The game lasted 00:13:50 (3869 turns).

jlumianski the Chopper (Demonspawn Fighter)         Turns: 3869, Time: 00:13:50

Health: 0/54       AC: 13    Str: 19    XL:     7   Next: 13%
Magic:  7/7        EV: 10    Int:  9    God:    Qazlal [......]
Gold:   58         SH:  4    Dex: 12    Spells: 6/6 levels left

rFire   + . .      SeeInvis .    a - +0 war axe
rCold   x . .      Faith    .    c - +0 buckler
rNeg    . . .      Spirit   .    r - +0 plate armour
rPois   .          Reflect  .    (no helmet)
rElec   .          Rampage  .    (no cloak)
rCorr   .                        (no gloves)
Will    .....                    (no boots) Stlth
                                 (no amulet)
HPRegen 0.29/turn                l - +5 ring of evasion
MPRegen 0.10/turn                y - ring of fire

@: no status effects
A: claws 1, molten scales 1, powered by death 2
a: Renounce Religion


You were on level 5 of the Dungeon.
You worshipped Qazlal.
Qazlal was noncommittal.
You visited 2 branches of the dungeon, and saw 7 of its levels.

You collected 184 gold pieces.
You spent 126 gold pieces at shops.

Inventory:

Hand Weapons
 a - a +0 war axe (weapon)
 d - a +3 quarterstaff of chaos
 u - a +2 spear of freezing
 z - the +1 hand axe of Untruth {venom, Int+2 Dex+4}
   (You found it on level 4 of the Dungeon)

   Int:       It affects your intelligence (+2).
   Dex:       It affects your dexterity (+4).
 A - a +2 whip of electrocution
Missiles
 o - 15 stones
 v - 8 poisoned darts (quivered)
Armour
 b - a +0 scale mail
 c - a +0 buckler (worn)
 f - a +0 pair of gloves
 n - a +0 helmet
 q - a +0 cloak
 r - a +0 plate armour (worn)
 w - a +0 pair of boots
Jewellery
 l - a +5 ring of evasion (left claw)
 y - a ring of fire (right claw)
Wands
 t - a wand of paralysis (5)
Scrolls
 e - 2 scrolls of magic mapping
 g - a scroll of vulnerability {unknown}
 h - a scroll of enchant armour {unknown}
 j - a scroll of amnesia
 p - 2 scrolls of poison {unknown}
 s - a scroll of butterflies
 x - a scroll of teleportation
Potions
 i - a potion of haste


   Skills:
 * Level 4.2 Fighting
 + Level 4.8 Axes
 + Level 4.2 Armour
 + Level 1.1 Dodging
 + Level 1.0 Stealth
 + Level 3.3 Shields
 * Level 0.9 Invocations


You had 6 spell levels left.
You didn't know any spells.
Your spell library contained the following spells:

 Spells                   Type           Power      Damage    Failure   Level
 Sandblast                Erth           0%         2d4       100%        1
 Passwall                 Tmut/Erth      0%         N/A       100%        2
 Stone Arrow              Conj/Erth      0%         3d7       100%        3


Dungeon Overview and Level Annotations

Branches:
Dungeon (6/15)             Temple (1/1) D:4

Altars:
Ashenzari
Cheibriados
Dithmenos
Fedhas
Makhleb
Qazlal
Ru
Sif Muna
Trog
Vehumet
Wu Jian

Shops:
D:3 ?


Innate Abilities, Weirdness & Mutations

You have sharp fingernails.
You are partially covered in molten scales. (AC +2)
You regenerate health from kills.


Message History

You assume a fearsome visage.
The ogre looks frightened!
The ogre yells, "Help!"
You climb upwards.
There is a stone staircase leading down here.
You start resting.
HP restored.
You climb downwards.
There is a stone staircase leading up here.
Throw: 9 darts (poison)
Press: ? - help, Q - select action, (/) - cycle Shift-Dir - straight line, f - ogre
Aim: an ogre, wielding a +0 giant club (74% to hit)
You throw a poisoned dart.
The poisoned dart barely misses the ogre.
You slash the ogre!
The ogre is moderately wounded.
The ogre closely misses you.
You slash the ogre!
The ogre is almost dead.
The ogre hits you with a +0 giant club!!
You barely miss the ogre.
The ogre is almost dead.
The ogre hits you with a +0 giant club!!
Ouch! That really hurt!
* * * LOW HITPOINT WARNING * * *
You hit the ogre.
You kill the ogre!
Qazlal accepts your kill.
You have reached level 7!
Your demonic ancestry asserts itself...
Molten scales grow over part of your body.
A centaur comes into view.
The centaur drinks a potion.
The centaur flickers and vanishes!
Deactivating autopickup; reactivate with Ctrl-A.
You see here a +0 giant club.
An arrow appears from out of thin air!
The arrow hits you.
* * * LOW HITPOINT WARNING * * *
An arrow appears from out of thin air!
The arrow hits you but does no damage.
You hear a bow twang.
An arrow appears from out of thin air!
The arrow hits you!
You die...

###.### ....... ....... #
....... ##### #. ....#
##.#######...####.##....#
(............+.....>....#
##.....##....######.....#
....... #.###(.@)<#.....#
.....## #.# #.#####.###.#
...#. #.# #.......# .. ..
# #.# #######....♣ .# .
..# ...♣♣♣ . ### ##+.♣ .♣
.♣ .♣


There were no monsters in sight!

Vanquished Creatures
  Menkaure (D:4)
  An ogre (D:5)
  A scorpion (D:4)
  A hound (D:5)
  An orc priest (D:4)
  Crazy Yiuf (D:2)
  A gnoll bouda (D:5)
  Ijyb (D:3)
  Natasha (D:2)
  4 gnolls
  2 adders (D:4)
  A shadow imp (D:4)
  2 worms
  5 dart slugs
  5 orcs
  5 ball pythons
  3 bats
  6 endoplasms
  2 giant cockroaches
  7 goblins
  6 hobgoblins
  5 jackals (D:1)
  6 kobolds
  2 quokkas
  2 frilled lizards
  3 rats
75 creatures vanquished.

Notes
Turn   | Place    | Note
-------+----------+-------------------------------------------
     0 | D:1      | jlumianski the Demonspawn Fighter began the quest for the
                  | Orb.
     0 | D:1      | Reached XP level 1. HP: 18/18 MP: 1/1
    51 | D:1      | Gained mutation: You regenerate a little health from kills.
                  | [demonic ancestry]
    51 | D:1      | Reached XP level 2. HP: 23/24 MP: 2/2
   276 | D:1      | Found a faded altar of an unknown god.
   642 | D:1      | Reached XP level 3. HP: 29/29 MP: 3/3
  1125 | D:5      | Entered Level 5 of the Dungeon
  1211 | D:2      | Noticed Natasha
  1225 | D:2      | Killed Natasha
  1226 | D:2      | Reached XP level 4. HP: 33/35 MP: 4/4
  1358 | D:2      | Found a runed translucent door.
  1359 | D:2      | Noticed Crazy Yiuf
  1368 | D:2      | Killed Crazy Yiuf
  1695 | D:4      | Noticed Menkaure
  1703 | D:4      | Killed Menkaure
  1704 | D:4      | Reached skill level 1 in Dodging
  1704 | D:4      | Reached skill level 1 in Stealth
  1704 | D:4      | Gained mutation: You have sharp fingernails. [demonic
                  | ancestry]
  1704 | D:4      | Reached XP level 5. HP: 21/42 MP: 5/5
  1876 | D:3      | Found an ornate altar of the Wu Jian Council.
  1966 | D:3      | Found a sacrificial altar of Ru.
  1974 | D:3      | Noticed Ijyb
  1982 | D:3      | Paralysed by Ijyb for 2 turns
  1997 | D:3      | Paralysed by Ijyb for 5 turns
  2006 | D:3      | Paralysed by Ijyb for 5 turns
  2013 | D:3      | Killed Ijyb
  2143 | D:3      | Gained mutation: You regenerate health from kills. [demonic
                  | ancestry]
  2143 | D:3      | Reached XP level 6. HP: 45/48 MP: 6/6
  2181 | D:3      | Upgraded the game from 0.30-a0-1082-g70414cbcbb to
                  | 0.30-a0-1085-g990a428a5c
  2246 | D:3      | Found Cose's Magic Scroll Emporium.
  2252 | D:3      | Bought a scroll of identify for 28 gold pieces
  2252 | D:3      | Bought a scroll of identify for 28 gold pieces
  2252 | D:3      | Bought a scroll of identify for 28 gold pieces
  2252 | D:3      | Bought a scroll of teleportation for 42 gold pieces
  2736 | D:4      | Found a staircase to the Ecumenical Temple.
  2745 | Temple   | Entered the Ecumenical Temple
  2822 | Temple   | Became a worshipper of Qazlal Stormbringer
  3089 | D:4      | Identified the +1 hand axe of Untruth {venom, Int+2 Dex+4}
  3694 | D:5      | Noticed an ice beast
  3866 | D:5      | Gained mutation: You are partially covered in molten
                  | scales. (AC +2) [demonic ancestry]
  3866 | D:5      | Reached XP level 7. HP: 8/54 MP: 7/7
  3869 | D:5      | Shot with an arrow by something

Illustrated notes

Levels and vault maps discovered:
D:1:      shiori_arrival_oz, layout_loops_cross, basic_ecumenical_altar
D:2:      layout_loops_cross, uniq_crazy_yiuf_cottage, uniq_natasha
D:3:      layout_basic, mainiacjoe_overflow_catch_the_wave,
          nicolae_ru_awakened_eye, serial_shops, nicolae_shop_stone,
          hex_intersection, uniq_ijyb
D:4:      layout_rooms, lemuel_temple_firewalk_a, uniq_menkaure
D:5:      layout_basic, grunt_temple_overflow_holy_war, nrook_campfire
D:6:      layout_loops_cross, regret_index_temple_of_mockery
Temple:   hellmonk_temple_flake

Skill      XL: |  1  2  3  4  5  6 |
---------------+-------------------+-----
Armour         | 3 4 |  4.2
Shields        | 3 |  3.3
Axes           | 2 3 4 |  4.8
Dodging        | 1 |  1.1
Stealth        | 1 |  1.0
Fighting       | 4 |  4.2
Invocations    | |  0.9

Action                     |  1- 3 |  4- 6 |  7- 9 || total
---------------------------+-------+-------+-------++-------
  Melee: War axe           |    97 |   173 |       ||   270
  Throw: Dart              |       |     3 |       ||     3
    Use: Potion            |       |     2 |       ||     2
         Scroll            |       |     8 |       ||     8
 Armour: Scale mail        |    36 |    11 |       ||    47
         Plate armour      |       |    55 |     1 ||    56
  Dodge: Dodged            |    60 |    89 |       ||   149
  Block: Buckler           |    27 |    42 |       ||    69

Table legend: (Time is in decaauts)
 A = Elapsed time spent in this place.
 B = Non-inter-level travel time spent in this place.
 C = Inter-level travel time spent in this place.
 D = Time resting spent in this place.
 E = Time spent auto-exploring this place.
 F = Levels seen in this place.
 G = Mean time per level.
                   A        B        C        D        E       F      G
               +--------+--------+--------+--------+--------+-----+--------+
         Total |   3984 |   3836 |    148 |    337 |   2411 |   7 |  569.1 |
       Dungeon |   3826 |   3678 |    148 |    337 |   2281 |   6 |  637.7 |
        Temple |    157 |    157 |      0 |      0 |    130 |   1 |  157.0 |
               +--------+--------+--------+--------+--------+-----+--------+

Top non-repeatable levels by time:
     D:4: 1098 daAuts
     D:3: 1023 daAuts
     D:2: 788 daAuts
     D:1: 725 daAuts
     D:5: 169 daAuts
  Temple: 157 daAuts
     D:6: 21 daAuts
